AoeStats
← smunk

Arabia

510858293Analyzed
2v2 RM · 10h ago on Oct 2, 2026· 20m 26s· 4 players
Game mode
Random Map
Map size
Medium (4 player)
Population
200
Speed
Normal
Resources
Standard
Victory
Conquest
Starting age
Dark Age
Ending age
Imperial Age
RankedLock teamsTeams togetherTeam positionsShared explorationLock speedFull tech treeHidden civsTurbo modeCheats
Victory
Defeat
🇫🇷 Britons · France
931
+15
🇫🇷 Burgundians · France
916
+17
🇧🇪 Franks · Belgium
920
-42
🇧🇪 Hindustanis · Belgium
913
-45
Stijn Arns
13:25 Feudal Age
13:46 Horse Collar
13:54 Double-Bit Axe
14:56 Man-at-Arms
smunk
7:57 Loom
14:03 Feudal Age
15:24 Wheelbarrow
14:54 Double-Bit Axe
18:46 Scale Barding Armor
22:41 Castle Age
Snatch59
4:53 Loom
9:31 Feudal Age
15:49 Double-Bit Axe
16:52 Fletching
17:51 Horse Collar
Wlolo0059
12:19 Feudal Age
11:30 Double-Bit Axe
12:31 Wheelbarrow
12:12 Loom
14:56 Bow Saw
14:29 Horse Collar
17:25 Scale Barding Armor
17:31 Forging
19:46 Hand Cart
Connection lost

Rejoining the realm…

Still unreachable

The connection could not be restored.

Session expired

The server has moved on; the page needs a fresh start.